Map: Jagannatha LE

Players

Zoun - Winner!

  • Race: Protoss Protoss
  • League: Diamond
  • Spawn Location: 1:00

goblin

  • Race: Protoss Protoss
  • League: Master
  • Spawn Location: 7:00

Event: Cheeseadelphia Winter Championship 2021

VOD

Have the link to the VOD?

Description

Time

  • Played on: Jan. 23, 2021, 11:31 a.m.
  • Length: 10:53

All games in this series

Show
View Real Time Build Order
Export as new Build Order

Zoun Protoss - Winner!

Build Orders: Zealot Archon 

Get SALT Encoding   

  12  0:00  Probe  
  13  0:12  Probe  
  14  0:17  Pylon  
  14  0:24  Probe (Chrono Boost)  
  16  0:36  Probe (Chrono Boost)  
  16  0:38  Gateway  
  16  0:43  Probe (Chrono Boost)  
  16  0:48  Assimilator  
  17  0:51  Probe  
  17  0:55  Assimilator  
  18  1:03  Probe (Chrono Boost)  
  19  1:09  Gateway  
  19  1:14  Probe (Chrono Boost)  
  20  1:19  Probe (Chrono Boost)  
  21  1:26  Cybernetics Core  
  21  1:29  Probe  
  22  1:36  Pylon  
  22  1:41  Probe  
  23  1:54  Probe  
  24  2:02  Warp Gate (Chrono Boost)  
  24  2:03  Stalker x2  
  28  2:16  Pylon  
  28  2:18  Probe  
  29  2:26  Pylon  
  29  2:30  Probe  
  30  2:37  Stalker  
  30  2:38  Stalker  
  34  2:50  Probe  
  35  3:09  Nexus  
  35  3:18  Probe  
  35  3:19  Shield Battery  
  36  3:30  Probe  
  37  3:36  Stalker x2  
  37  3:45  Probe  
  37  3:48  Twilight Council  
  34  3:58  Probe  
  35  4:03  Stalker  
  35  4:05  Stalker  
  37  4:10  Probe  
  38  4:17  Shield Battery  
  38  4:18  Blink (Chrono Boost)  
  38  4:21  Probe  
  38  4:22  Probe  
  40  4:33  Probe  
  40  4:34  Sentry, Probe  
  40  4:35  Sentry  
  46  4:45  Probe  
  47  4:46  Probe  
  47  4:47  Phoenix  
  48  4:55  Nexus  
  48  4:57  Probe  
  49  5:00  Pylon  
  49  5:02  Probe  
  49  5:06  Assimilator  
  50  5:11  Robotics Facility  
  50  5:16  Sentry  
  50  5:18  Pylon, Probe  
  50  5:20  Probe  
  54  5:23  Gateway  
  54  5:27  Phoenix  
  54  5:30  Probe  
  54  5:32  Probe  
  54  5:33  Forge  
  56  5:40  Stalker x2  
  60  5:47  Gateway  
  60  5:53  Charge (Chrono Boost)  
  60  5:56  Gateway  
  60  5:57  Protoss Ground Weapons Level 1  
  60  5:58  Pylon  
  60  6:00  Probe x2, Observer  
  60  6:02  Phoenix  
  63  6:05  Stalker  
  65  6:16  Shield Battery  
  65  6:17  Stalker  
  67  6:19  Stalker  
  67  6:22  Probe (Chrono Boost)  
  67  6:23  Probe (Chrono Boost)  
  72  6:26  Probe (Chrono Boost)  
  74  6:32  Probe (Chrono Boost)  
  74  6:33  Gateway, Probe (Chrono Boost)  
  74  6:36  Probe (Chrono Boost)  
  74  6:37  Probe (Chrono Boost)  
  74  6:38  Probe (Chrono Boost)  
  76  6:42  Templar Archives  
  76  6:46  Probe  
  78  6:48  Probe  
  78  6:54  Probe  
  78  7:00  Gateway  
  78  7:01  Gateway  
  78  7:04  Assimilator, Probe x2  
  78  7:06  Assimilator, Probe, Observer  
  78  7:07  Immortal (Chrono Boost)  
  85  7:18  Phoenix  
  85  7:19  Gateway, Probe x3  
  85  7:21  Gateway  
  88  7:24  Shield Battery  
  88  7:29  Pylon  
  88  7:30  Pylon  
  88  7:34  Shield Battery x2  
  88  7:39  Pylon  
  88  7:43  Immortal (Chrono Boost)  
  92  7:45  Pylon  
  92  7:48  Pylon  
  92  7:50  Zealot x2, High Templar x2  
  92  7:51  Zealot  
  102  7:54  Pylon  
  102  7:55  Archon  
  102  7:56  Psionic Storm  
  102  7:58  Pylon  
  102  8:04  High Templar x2  
  106  8:17  Zealot  
  106  8:18  Zealot x4  
  116  8:20  Assimilator  
  116  8:23  Pylon, Probe x3  
  116  8:26  High Templar  
  121  8:27  Warp Prism  
  123  8:45  Nexus  
  123  8:46  Observer  
  123  8:47  Pylon  
  123  8:48  High Templar  
  123  8:51  Probe  
  123  8:52  Probe x2  
  128  8:55  Zealot x3  
  134  9:04  Photon Cannon  
  134  9:09  Zealot x3, High Templar x2  
  144  9:12  Archon, Zealot  
  144  9:16  Probe x3  
  149  9:26  Stalker x3  
  149  9:29  Stalker  
  151  9:49  Stalker x6  
  137  10:08  Zealot x4  
  137  10:13  Zealot x6  
  147  10:26  Archon  
  129  10:29  Zealot x4  
  123  10:37  Stalker x6  
Show
View Real Time Build Order
Export as new Build Order

goblin Protoss 

Build Orders: Proxy Void Ray 

Get SALT Encoding   

  12  0:00  Probe  
  13  0:12  Probe  
  14  0:17  Pylon  
  14  0:24  Probe (Chrono Boost)  
  15  0:37  Probe (Chrono Boost)  
  15  0:39  Gateway  
  16  0:44  Probe (Chrono Boost)  
  16  0:46  Assimilator  
  17  0:51  Probe  
  17  0:55  Assimilator  
  18  1:03  Probe (Chrono Boost)  
  19  1:14  Probe (Chrono Boost)  
  20  1:19  Probe (Chrono Boost)  
  21  1:27  Cybernetics Core  
  21  1:29  Probe  
  22  1:35  Pylon  
  22  1:41  Probe  
  23  1:53  Probe  
  24  2:01  Nexus  
  24  2:11  Stargate  
  24  2:18  Stalker  
  24  2:21  Warp Gate  
  26  2:25  Probe  
  27  2:31  Pylon  
  26  2:37  Probe  
  27  2:46  Void Ray (Chrono Boost)  
  29  2:53  Shield Battery  
  31  2:59  Probe  
  31  3:04  Stalker  
  34  3:12  Shield Battery  
  34  3:14  Probe  
  34  3:15  Probe  
  34  3:19  Void Ray (Chrono Boost)  
  40  3:31  Shield Battery  
  40  3:46  Void Ray (Chrono Boost)  
  40  3:48  Probe x2  
  38  3:53  Shield Battery  
  40  4:00  Probe x2  
  42  4:12  Probe  
  42  4:13  Void Ray (Chrono Boost)  
  42  4:14  Probe  
  44  4:21  Pylon  
  48  4:26  Probe (Chrono Boost)  
  48  4:27  Probe (Chrono Boost)  
  50  4:32  Robotics Facility  
  50  4:37  Probe (Chrono Boost)  
  52  4:40  Probe (Chrono Boost)  
  52  4:42  Probe (Chrono Boost)  
  53  4:48  Assimilator, Probe  
  53  4:51  Assimilator  
  54  4:53  Probe, Void Ray  
  54  4:57  Pylon  
  59  5:00  Probe  
  59  5:05  Probe  
  61  5:12  Probe  
  62  5:20  Observer  
  62  5:23  Probe  
  62  5:24  Probe  
  62  5:25  Nexus  
  64  5:28  Pylon  
  64  5:30  Void Ray  
  68  5:44  Probe x2  
  68  5:48  Immortal (Chrono Boost)  
  70  5:50  Observer  
  70  5:53  Protoss Air Weapons Level 1  
  74  5:57  Pylon  
  74  6:01  Forge  
  74  6:02  Sentry  
  76  6:09  Void Ray  
  76  6:15  Probe (Chrono Boost)  
  82  6:19  Probe (Chrono Boost)  
  82  6:20  Immortal  
  82  6:23  Pylon  
  86  6:34  Pylon  
  86  6:36  Probe (Chrono Boost)  
  86  6:37  Pylon, Probe (Chrono Boost)  
  89  6:40  Protoss Ground Weapons Level 1, Pylon, Probe (Chrono Boost)  
  89  6:47  Probe x2 (Chrono Boost)  
  91  6:49  Void Ray  
  91  6:57  Probe (Chrono Boost)  
  91  6:58  Probe (Chrono Boost)  
  91  6:59  Probe (Chrono Boost)  
  98  7:04  Immortal  
  98  7:06  Probe  
  103  7:10  Probe x2  
  103  7:16  Assimilator  
  103  7:17  Assimilator  
  103  7:18  Probe  
  103  7:22  Pylon, Probe  
  105  7:23  Probe  
  105  7:29  Void Ray  
  106  7:30  Stalker  
  106  7:32  Probe  
  106  7:34  Probe  
  106  7:35  Probe  
  115  7:39  Photon Cannon  
  115  7:40  Photon Cannon  
  115  7:45  Shield Battery  
  115  7:47  Pylon  
  115  7:49  Immortal  
  119  7:55  Sentry  
  121  8:00  Pylon  
  121  8:05  Photon Cannon  
  121  8:07  Photon Cannon  
  121  8:18  Shield Battery  
  121  8:22  Fleet Beacon, Stargate  
  121  8:25  Void Ray  
  121  8:26  Probe  
  122  8:30  Immortal  
  130  8:41  Gateway  
  130  8:43  Pylon  
  130  8:45  Photon Cannon  
  130  8:47  Shield Battery  
  130  8:52  Pylon  
  130  8:54  Probe  
  130  8:55  Probe  
  132  9:00  Nexus  
  132  9:08  Twilight Council  
  132  9:19  Carrier (Chrono Boost)  
  132  9:21  Carrier (Chrono Boost)  
  144  9:26  Sentry  
  144  9:30  Probe  
  144  9:31  Probe  
  148  9:32  Photon Cannon  
  148  9:39  Shield Battery  
  148  9:40  Pylon  
  141  9:52  Stalker x2  
  133  10:13  Immortal  
  115  10:28  Zealot  
Tags
 
Add a new tag
Caveats
  • Supply blocks, unpowered buildings, or Contaminate may cause inaccurate times.
  • Supply counts are checked every 10 seconds.